 Dungeon Crawl Stone Soup version 0.23-a0-378-gd7a6ca6 (console) character file.

119 bli the Poker (level 5, -3/42 HPs)
             Began as a Merfolk Monk on Oct 27, 2018.
             Was a Believer of Dithmenos.
             Slain by Grinder (6 damage)
             ... on level 3 of the Dungeon.
             The game lasted 00:07:57 (2359 turns).

bli the Poker (Merfolk Monk)                        Turns: 2359, Time: 00:07:58

Health: -3/42      AC:  5    Str: 14    XL:     5   Next: 3%
Magic:  5/5        EV: 17    Int:  9    God:    Dithmenos [**....]
Gold:   150        SH:  0    Dex: 17    Spells: 4/4 levels left

rFire    . . .     SeeInvis .   a - +0 spear
rCold    . . .     Gourm    .   (no shield)
rNeg     . . .     Faith    .   b - +0 robe
rPois    .         Spirit   .   (no helmet)
rElec    .         Reflect  .   (no cloak)
rCorr    .         Harm     .   (no gloves)
MR       .....                  (no boots)
Stlth    +++.......             (no amulet)
HPRegen  0.14/turn              f - +3 ring of evasion
MPRegen  0.09/turn              m - +3 ring of protection

@: wreathed by umbra
A: change form in water, swift swim, stealthy swim, blurry vision 1, strong 1,
MP-powered wands
a: Shadow Step, Renounce Religion


You were on level 3 of the Dungeon.
You worshipped Dithmenos.
Dithmenos was pleased with you.
You were not hungry.

You visited 1 branch of the dungeon, and saw 3 of its levels.

You collected 150 gold pieces.

Inventory:

Hand Weapons
 a - a +0 spear (weapon)
Missiles
 d - 8 tomahawks
 e - 91 stones (quivered)
Armour
 b - a +0 robe (worn)
Jewellery
 f - a +3 ring of evasion (left hand)
 m - a +3 ring of protection (right hand)
Wands
 l - a wand of random effects (26)
Scrolls
 h - 3 scrolls of remove curse {unknown}
 i - 2 scrolls of teleportation {unknown}
 j - a scroll of fear {unknown}
 n - a scroll of enchant armour {unknown}
 p - a scroll of enchant weapon {unknown}
Potions
 g - a potion of brilliance {unknown}
 k - a potion of mutation
Comestibles
 c - 9 rations
 o - 5 chunks of flesh


   Skills:
 + Level 4.0 Fighting
 * Level 7.3 Polearms
 + Level 4.0 Dodging
 + Level 2.3 Stealth


You had 4 spell levels left.
You didn't know any spells.
Your spell library was empty.

Dungeon Overview and Level Annotations

Branches:
Dungeon (3/15)

Altars:
Dithmenos

Annotations:
D:3 Grinder


Innate Abilities, Weirdness & Mutations

You revert to your normal form in water.
You are very nimble and swift while swimming.
You are very stealthy in the water. (Stealth+)
Scrolls take you a little longer to read.
Your muscles are strong. (Str +2)
You expend magic power (3 MP) to strengthen your wands.


Message History

* * * LOW HITPOINT WARNING * * *
You can move again.
It was a potion of mutation.
You feel extremely strange.
You feel your magical essence link to your wands.
Your vision blurs.
You feel stronger. Grinder hits you but does no damage.
You hit Grinder but do no damage.
Grinder is lightly wounded.
Grinder barely misses you.
You hit Grinder.
Grinder is lightly wounded.
You completely miss Grinder.
Grinder is lightly wounded.
Grinder completely misses you.
You barely miss Grinder.
Grinder is lightly wounded.
Grinder hits you!
* * * LOW HITPOINT WARNING * * *
You writhe in agony.
You die...

#....##...........##.##
#.....)....#....#
...........##....#
#...........##....#
#.............##...
#...........#.##...
#...........#.##... .#
#...........#+##...
...###..............#..)
........................
......5@................
........................
..>........#######.#....
......####.#######.#....
...... #........##.#....
###### #........##.#....
#........##.#....
#........##.#....
#........##.#
###.#######.# #.# #.#


You could see Grinder.

Vanquished Creatures
  Terence (D:2)
  3 adders (D:2)
  A worm (D:2)
  A dart slug (D:2)
  2 leopard geckos
  2 giant cockroaches
  3 goblins (D:1)
  6 hobgoblins
  7 jackals
  8 kobolds
  A quokka (D:1)
  2 ball pythons
  8 bats
  4 frilled lizards (D:2)
  12 rats
61 creatures vanquished.

Notes
Turn   | Place    | Note
-------+----------+-------------------------------------------
     0 | D:1      | bli the Merfolk Monk began the quest for the Orb.
     0 | D:1      | Reached XP level 1. HP: 18/18 MP: 1/1
    44 | D:1      | Reached XP level 2. HP: 18/24 MP: 2/2
    82 | D:1      | Reached skill level 5 in Polearms
   685 | D:1      | Reached XP level 3. HP: 29/29 MP: 3/3
   859 | D:2      | Reached skill level 6 in Polearms
   896 | D:2      | Found a shadowy altar of Dithmenos.
   903 | D:2      | Became a worshipper of Dithmenos the Shadowed
   903 | D:2      | Reached * piety under Dithmenos
   903 | D:2      | Reached ** piety under Dithmenos
   917 | D:2      | Noticed Terence
   938 | D:2      | Killed Terence
   938 | D:2      | Reached XP level 4. HP: 14/37 MP: 4/4
  1383 | D:2      | Reached skill level 7 in Polearms
  2273 | D:3      | Reached XP level 5. HP: 42/42 MP: 5/5
  2339 | D:3      | Noticed Grinder
  2351 | D:3      | Paralysed by Grinder for 3 turns
  2355 | D:3      | Gained mutation: You expend magic power (3 MP) to
                  | strengthen your wands. [potion of mutation]
  2355 | D:3      | Gained mutation: Scrolls take you a little longer to read.
                  | [potion of mutation]
  2355 | D:3      | Gained mutation: Your muscles are strong. (Str +2) [potion
                  | of mutation]
  2359 | D:3      | Slain by Grinder

Vault maps used:
D:1:      roderic_crossed_star
D:2:      nicolae_dithmenos_shadow_blocks, first_ration, st_stairs_6,
          uniq_terence
D:3:      uniq_grinder

Skill      XL: |  1  2  3  4 |
---------------+-------------+-----
Polearms       | 5 6 7 |  7.3
Fighting       | 4 |  4.0
Dodging        | |  4.0
Stealth        | |  2.3

Action                   |  1- 3 |  4- 6 || total
-------------------------+-------+-------++-------
Melee: Spear             |    99 |   123 ||   222
Throw: Stone             |     1 |     5 ||     6
  Use: Potion            |       |     1 ||     1
 Stab: Sleeping          |     7 |     5 ||    12
  Eat: Chunk             |       |     5 ||     5
Armor: Robe              |     5 |    17 ||    22
Dodge: Dodged            |    65 |    69 ||   134

Table legend:
 A = Non-vault XP
 B = Vault XP
 C = Vault XP percentage of total XP
 D = Non-vault monster count
 E = Vault monster count
 F = Vault count percentage of total count
                 A         B        C        D         E       F
            +---------+---------+-------+---------+---------+-------
      Total |     129 |      41 |  24.1 |      58 |       3 |   4.9
            +---------+---------+-------+---------+---------+-------
        D:1 |      41 |       0 |   0.0 |      27 |       0 |   0.0
        D:2 |      68 |      41 |  37.6 |      21 |       3 |  12.5
        D:3 |      20 |       0 |   0.0 |      10 |       0 |   0.0
            +---------+---------+-------+---------+---------+-------
